 Dungeon Crawl Stone Soup version 0.24.0-37-gcf1ca852f1 (webtiles) character file.

Game seed: 7159417721984180278, levelgen mode: deterministic

332036 FessEmpty the Imperceptible (level 20, 0/111 (112) HPs)
             Began as a Spriggan Enchanter on Nov 22, 2019.
             Was the Champion of Ashenzari.
             Killed from afar by Nikola (30 damage)
             ... with a chain lightning
             ... on level 3 of the Vaults on Nov 23, 2019.
             The game lasted 04:12:56 (53907 turns).

FessEmpty the Imperceptible (Spriggan Enchanter)   Turns: 53907, Time: 04:12:57

HP:   0/111 (112)   AC: 11    Str:  4    XL:     20   Next: 88%
MP:   37/37         EV: 38    Int: 23    God:    Ashenzari [******]
Gold: 1672          SH: 17    Dex: 19    Spells: 21/51 levels left

rFire    + . .     SeeInvis +   b - +9 rapier (elec) (curse)
rCold    + . .     Gourm    .   w - +3 buckler {AC+3} (curse)
rNeg     . . .     Faith    .   u - +2 robe {MR+} (curse)
rPois    +         Spirit   .   (helmet restricted)
rElec    .         Reflect  +   t - scarf {rC+ rF+} (curse)
rCorr    .         Harm     .   (gloves unavailable)
MR       ++++.     Clarity  +   (boots unavailable)
Stlth    +++++++++.             X - +5 amulet of reflection (curse)
HPRegen  0.28/turn              Y - ring of stealth
MPRegen  0.25/turn              E - +4 ring of protection (curse) {=R}

@: deflect missiles, very quick
A: very small, unfitting armour, see invisible, blink, herbivore, speed 3, low
mp 1, poison resistance, robust 1, slow metabolism 2
}: 2/15 runes: decaying, serpentine
a: Blink, Curse Item, Scrying, Transfer Knowledge, Renounce Religion


You were on level 3 of the Vaults.
You worshipped Ashenzari.
Ashenzari was exalted by your worship.
You were very hungry.

You visited 7 branches of the dungeon, and saw 35 of its levels.
You also visited: Sewer.

You collected 3794 gold pieces.
You spent 2122 gold pieces at shops.

Inventory:

Hand Weapons
 b - a cursed +9 rapier of electrocution (weapon)
Missiles
 e - 26 curare-tipped darts
 f - a datura-tipped dart (quivered)
Armour
 t - a cursed scarf of resistance (worn)
 u - a cursed +2 robe of magic resistance (worn)
 w - a cursed +3 buckler of protection (worn)
 Q - a +2 robe of cold resistance
Jewellery
 k - an uncursed amulet of the acrobat
 E - a cursed +4 ring of protection (right hand) {=R}
 H - an uncursed ring of magical power
 M - an uncursed ring of protection from fire
 P - an uncursed ring of ice
 V - an uncursed ring of resist corrosion
 X - a cursed +5 amulet of reflection (around neck)
 Y - a ring of stealth (left hand)
Wands
 a - a wand of paralysis (34)
 x - a wand of iceblast (8)
 A - a wand of flame (13)
 I - a wand of random effects (83)
 S - a wand of clouds (1)
 U - a wand of enslavement (5)
 Z - a wand of acid (8)
Scrolls
 c - 19 scrolls of identify
 h - 3 scrolls of immolation
 j - 2 scrolls of blinking
 l - 18 scrolls of teleportation
 p - 2 scrolls of enchant armour
 y - a scroll of fear
 z - 10 scrolls of fog
 B - 3 scrolls of remove curse
 F - 2 scrolls of holy word
 G - 3 scrolls of vulnerability
 L - 2 scrolls of silence
 N - 4 scrolls of magic mapping
 T - 2 scrolls of summoning
Potions
 g - 13 potions of curing
 i - 5 potions of brilliance
 m - 4 potions of might
 n - 5 potions of flight
 o - a potion of agility
 q - 2 potions of invisibility
 s - 5 potions of magic
 v - 10 potions of heal wounds
 C - 4 potions of haste
 J - a potion of mutation
 K - a potion of resistance
 O - a potion of cancellation
 R - 2 potions of ambrosia
 W - 2 potions of berserk rage
Miscellaneous
 r - a box of beasts
 D - 2 sacks of spiders
Comestibles
 d - 39 rations


   Skills:
 - Level 10.0 Fighting
 + Level 18.6(22.2) Short Blades
 + Level 21.0(23.1) Dodging
 + Level 21.2(23.3) Stealth
 - Level 7.2(10.3) Shields
 + Level 16.3 Spellcasting
 - Level 15.2(17.8) Hexes
 - Level 6.9(10.0) Charms
 - Level 2.0(4.3) Translocations
 - Level 2.8(5.3) Air Magic
 - Level 9.0(11.9) Evocations


You had 21 spell levels left.
You knew the following spells:

 Your Spells              Type           Power        Failure   Level  Hunger
b - Apportation           Tloc           #####.       1%          1    None
c - Tukima's Dance        Hex            #######.     0%          3    None
d - Confuse               Hex            #######.     0%          3    None
e - Invisibility          Hex            #######.     1%          6    ####...
f - Blink                 Tloc           N/A          1%          2    None
g - Confusing Touch       Hex            ######       0%          1    None
h - Discord               Hex            #######...   13%         8    #######
i - Deflect Missiles      Chrm/Air       ######....   19%         6    ####...

Your spell library contained the following spells:

 Spells                   Type           Power        Failure   Level  Hunger
 Corona                   Hex            #######      0%          1    None
 Slow                     Hex            #######.     0%          2    None
 Ensorcelled Hibernation  Hex/Ice        ######       1%          2    None
 Dazzling Spray           Conj/Hex       ######       1%          3    None
 Gell's Gravitas          Tloc           #####.....   1%          3    None
 Inner Flame              Hex/Fire       ######..     1%          3    None
 Lesser Beckoning         Tloc           #####.....   1%          3    None
 Portal Projectile        Hex/Tloc       ######       1%          3    None
 Cause Fear               Hex            #######...   1%          4    None
 Leda's Liquefaction      Hex/Erth       ######....   1%          4    None
 Metabolic Englaciation   Hex/Ice        ######....   1%          5    ##.....
 Silence                  Hex/Air        ######....   1%          5    ##.....
 Summon Mana Viper        Hex/Summ       ######..     1%          5    ##.....
 Yara's Violent Unravell  Hex/Tmut       ######....   1%          5    ##.....
 Beastly Appendage        Tmut           ###...       2%          1    None
 Magic Dart               Conj           ###.         2%          1    None
 Summon Butterflies       Summ           ###.....     2%          1    None
 Call Imp                 Summ           ###.....     3%          2    None
 Sticks to Snakes         Tmut           ###.....     3%          2    None
 Mephitic Cloud           Conj/Pois/Air  ####....     3%          3    None
 Recall                   Summ/Tloc      N/A          3%          3    None
 Call Canine Familiar     Summ           ###.....     8%          3    None
 Conjure Flame            Conj/Fire      ###.....     8%          3    None
 Spider Form              Tmut/Pois      ###.......   8%          3    None
 Ice Form                 Ice/Tmut       ###.....     24%         4    None
 Petrify                  Tmut/Erth      ###.....     24%         4    None
 Summon Ice Beast         Ice/Summ       ###.....     24%         4    None
 Summon Forest            Summ/Tloc      ####......   30%         5    ##.....
 Alistair's Intoxication  Tmut/Pois      ###.....     56%         5    ##.....
 Aura of Abjuration       Summ           ###.......   56%         5    ##.....
 Blade Hands              Tmut           ###.......   56%         5    ##.....
 Bolt of Magma            Conj/Fire/Erth ###.......   56%         5    ##.....
 Summon Demon             Summ           ###.......   56%         5    ##.....
 Iron Shot                Conj/Erth      ###.......   98%         6    ####...
 Poison Arrow             Conj/Pois      ###.......   98%         6    ####...
 Shadow Creatures         Summ           N/A          98%         6    ####...
 Statue Form              Tmut/Erth      ###......    98%         6    ####...
 Summon Hydra             Summ           ###.......   100%        7    ######.
 Chain Lightning          Conj/Air       ####......   100%        8    #######
 Lehudib's Crystal Spear  Conj/Erth      ###.......   100%        8    #######
 Fire Storm               Conj/Fire      ###.......   100%        9    #######
 Glaciate                 Conj/Ice       ###.......   100%        9    #######
 Shatter                  Erth           ###.......   100%        9    #######


Dungeon Overview and Level Annotations

Branches:
Dungeon (15/15)            Temple (1/1) D:6            Lair (6/6) D:10
  Swamp (4/4) Lair:3        Snake (4/4) Lair:3          Orc (2/2) D:10
    Elf (0/3) Orc:2        Vaults (3/5) D:14          Crypt (0/3) Vaults:3
 Depths (0/5) D:15          Sewer (visited)
  Slime: Lair:5-6

Altars:
Ashenzari
Cheibriados
Dithmenos
Elyvilon
Fedhas
Gozag
Hepliaklqana
Kikubaaqudgha
Makhleb
Nemelex Xobeh
Okawaru
Qazlal
Ru
Sif Muna
Trog
Uskayaw
Vehumet
Wu Jian
Xom
Yredelemnul
Zin
The Shining One
Beogh

Shops:
D:5 [}*   D:6 [   D:8 *   D:10 ([[?[   Orc:2 =*([   Snake:1 %   Snake:2 %
Vaults:2 *

Annotations:
D:3 Grinder, Robin
D:5 Menkaure
Vaults:3 Nikola


Innate Abilities, Weirdness & Mutations

You are very small and have problems with some larger weapons.
You are too small for most types of armour.
You have supernaturally acute eyesight. (SInv)
You are a herbivore.
You cover ground extremely quickly.
You need to consume almost no food.
You can translocate small distances at will.
Your magical capacity is low. (-10% MP)
Your system is resistant to poisons. (rPois)
You are robust. (+10% HP)


Message History

Throwing (i - inventory. (/) - cycle)
e - 26 curare-tipped darts (quivered)
Press: ? - help, Shift-Dir - straight line, f - Nikola
Aim: Nikola, wielding a +0 rapier of electrocution, wearing a +0 cloak and wearing a +0 pair of gloves
Okay, then.
Unknown command.
Throwing (i - inventory. (/) - cycle)
e - 26 curare-tipped darts (quivered)
Press: ? - help, Shift-Dir - straight line, f - Nikola
Aim: Nikola, wielding a +0 rapier of electrocution, wearing a +0 cloak and wearing a +0 pair of gloves
Okay, then.
Quiver which item? (- for none, * to show all) (? for menu, Esc to quit)
Quivering
f - 4 datura-tipped darts for throwing.
Throwing (i - inventory. (/) - cycle)
f - 4 datura-tipped darts (quivered)
Press: ? - help, Shift-Dir - straight line, f - Nikola
Aim: Nikola, wielding a +0 rapier of electrocution, wearing a +0 cloak and wearing a +0 pair of gloves (chance to frenzy on hit: 15%)
You throw a datura-tipped dart. The datura-tipped dart hits Nikola.
Nikola resists.
Nikola gestures wildly while chanting.
Nikola blinks!
Nikola warns, "If you see one of my golems, approach with caution, they bite."
Nikola points at you and mumbles some strange words.
You deflect the bolt of lightning!
Throwing (i - inventory. (/) - cycle)
f - 3 datura-tipped darts (quivered)
Press: ? - help, Shift-Dir - straight line, f/p - Nikola
Aim: Nikola, wielding a +0 rapier of electrocution, wearing a +0 cloak and wearing a +0 pair of gloves (chance to frenzy on hit: 20%)
You throw a datura-tipped dart. The datura-tipped dart hits Nikola.
Nikola resists.
Throwing (i - inventory. (/) - cycle)
f - 2 datura-tipped darts (quivered)
Press: ? - help, Shift-Dir - straight line, f/p - Nikola
Aim: Nikola, wielding a +0 rapier of electrocution, wearing a +0 cloak and wearing a +0 pair of gloves (chance to frenzy on hit: 15%)
You throw a datura-tipped dart. The datura-tipped dart hits Nikola.
Nikola resists.
Nikola mumbles some strange words.
Nikola blinks!
Nikola casts a spell.
You hear a mighty clap of thunder!
The lightning arc hits you!!
The lightning arc grounds out.
Throwing (i - inventory. (/) - cycle)
f - a datura-tipped dart (quivered)
Press: ? - help, Shift-Dir - straight line, f/p - Nikola
Aim: Nikola, wielding a +0 rapier of electrocution, wearing a +0 cloak and wearing a +0 pair of gloves (chance to frenzy on hit: 15%)
You throw a datura-tipped dart.
The datura-tipped dart closely misses Nikola.
Nikola gestures at you while chanting. You deflect the zap!
A deep elf knight comes into view. It is wielding a +0 short sword.
The deep elf knight is too close now for your liking.
Casting: Tukima's Dance (safe; 0% risk of failure)
Confirm with . or Enter, or press ? or * to list all spells.
Your hands begin to glow red.
You block the deep elf knight's attack.
You hit the deep elf knight but do no damage.
The deep elf knight appears confused.
You strike the helpless deep elf knight from behind!
You stick the deep elf knight like a pincushion!!!!
You kill the deep elf knight!
The phantasmal warrior blinks!
The brown ugly thing gurgles horribly!
You hear a horrible gurgling sound! x2
The purple ugly thing gurgles horribly!
You hear a chilling moan.
Casting: Confusing Touch (safe; 0% risk of failure)
Confirm with . or Enter, or press ? or * to list all spells.
Your hands begin to glow red.
The brown ugly thing closely misses you.
You barely miss the brown ugly thing.
You hit the brown ugly thing but do no damage.
The brown ugly thing trunk-slaps you!
You are splashed with acid!
The phantasmal warrior blinks!
Casting: Confusing Touch (safe; 0% risk of failure)
Confirm with . or Enter, or press ? or * to list all spells.
You blink.
The phantasmal warrior blinks!
The phantasmal warrior blinks!
You see here a +0 flail.
The phantasmal warrior blinks!
The phantasmal warrior blinks!
You block the phantasmal warrior's attack.
Your hands stop glowing.
A phantasmal warrior is nearby!
You start resting.
HP restored.
You see here 4 scrolls of amnesia.
There is an open door here.
Things that are here:
a +0 flail; a +0 scale mail
There is an open door here.
The brown ugly thing gurgles horribly!
You hear a horrible gurgling sound!
The eidolon gestures.
The eidolon radiates an aura of fear!
You are unaffected.
The eidolon is too close now for your liking.
The eidolon gestures.
The eidolon radiates an aura of fear!
You are unaffected.
You see here a datura-tipped dart.
f - a datura-tipped dart You block the brown ugly thing's attack.
The red ugly thing basks in the mutagenic energy from its kin and changes!
Casting: Blink (safe; 1% risk of failure)
Confirm with . or Enter, or press ? or * to list all spells.
Your hands begin to glow red.
The purple ugly thing gurgles horribly!
You hear a horrible gurgling sound!
You hit the brown ugly thing but do no damage.
The brown ugly thing trunk-slaps you.
You are splashed with acid!
You hit the brown ugly thing but do no damage.
You hit the brown ugly thing but do no damage.
The brown ugly thing appears confused.
You block the brown ugly thing's attack.
You block the purple ugly thing's attack.
You catch the helpless brown ugly thing completely off-guard!
You skewer the brown ugly thing like a kebab!!!!
Lightning courses through the brown ugly thing!
You kill the brown ugly thing!
Casting: Confusing Touch (safe; 0% risk of failure)
Confirm with . or Enter, or press ? or * to list all spells.
Your hands begin to glow red.
You block the purple ugly thing's attack.
You hit the purple ugly thing but do no damage.
The purple ugly thing appears confused.
You block the purple ugly thing's attack.
You impale the purple ugly thing!!
The purple ugly thing is moderately wounded.
Casting: Confusing Touch (safe; 0% risk of failure)
Confirm with . or Enter, or press ? or * to list all spells.
Your hands begin to glow red.
The purple ugly thing barely misses you.
You barely miss the purple ugly thing.
The purple ugly thing seems less confused.
You block the purple ugly thing's attack.
You hit the purple ugly thing but do no damage.
You hit the purple ugly thing but do no damage.
The purple ugly thing completely misses you.
The purple ugly thing basks in the mutagenic energy from its kin and changes!
You hit the brown ugly thing but do no damage.
The brown ugly thing appears confused.
The eidolon gestures.
The eidolon radiates an aura of fear!
You are unaffected.
The red ugly thing closely misses you.
Throwing (i - inventory. (/) - cycle)
f - a datura-tipped dart (quivered)
Press: ? - help, Shift-Dir - straight line, f - eidolon
Aim: an eidolon (immune to darts)
Okay, then.
You puncture the brown ugly thing!
Lightning courses through the brown ugly thing!
The brown ugly thing is moderately wounded.
You block the purple ugly thing's attack.
You catch the helpless brown ugly thing completely off-guard!
You skewer the brown ugly thing like a kebab!!!!
Lightning courses through the brown ugly thing!
You kill the brown ugly thing!
You block the red ugly thing's attack.
You block the purple ugly thing's attack.
You see here a +0 short sword.
The red ugly thing basks in the mutagenic energy from its kin and changes!
The purple ugly thing basks in the mutagenic energy from its kin and changes!
Casting: Confusing Touch (safe; 0% risk of failure)
Confirm with . or Enter, or press ? or * to list all spells.
Aiming: Confuse (safe; 0% risk of failure)
Press: ? - help, Shift-Dir - straight line, f - eidolon
Aim: an eidolon (chance to defeat MR: 2%)
Okay, then.
The eidolon gestures.
The eidolon radiates an aura of fear!
You are unaffected.
The purple ugly thing basks in the mutagenic energy from its kin and changes!
Casting: Confuse (safe; 0% risk of failure)
Confirm with . or Enter, or press ? or * to list all spells.
Your hands begin to glow red.
You hit the eidolon but do no damage.
The eidolon appears confused.
You catch the helpless eidolon completely off-guard!
You skewer the eidolon like a kebab!!!! Lightning courses through the eidolon!
The eidolon is almost destroyed.
The eidolon barely misses you. The eidolon completely misses you.
You puncture the eidolon!
You destroy the eidolon!
Casting: Confusing Touch (safe; 0% risk of failure)
Confirm with . or Enter, or press ? or * to list all spells.
Your hands begin to glow red.
The red ugly thing gores you!
You are engulfed in flames!
You resist.
The red ugly thing gurgles horribly!
You hit the red ugly thing but do no damage.
You completely miss the red ugly thing. The red ugly thing gores you!
You are engulfed in flames!
You resist.
You hit the red ugly thing but do no damage.
You hit the red ugly thing but do no damage.
The red ugly thing appears confused.
You puncture the red ugly thing!
The red ugly thing is lightly wounded.
You hit the red ugly thing.
Lightning courses through the red ugly thing!
The red ugly thing is heavily wounded.
You block the red ugly thing's attack.
You hit the red ugly thing.
Lightning courses through the red ugly thing!
The red ugly thing is severely wounded.
You puncture the red ugly thing!
Lightning courses through the red ugly thing!
You kill the red ugly thing!
Your base Dodging skill increases to level 21!
Nikola casts a spell.
You hear a mighty clap of thunder!
The lightning arc hits the red ugly thing!!
The lightning arc hits you!!
* * * LOW HITPOINT WARNING * * *
The lightning arc hits the red ugly thing!!
The red ugly thing dies!
The lightning arc hits you!!
You die...

#################################
.................................
.................................
.......................[..u.....{
................@......########'#
...##############†.....#,, ,{...
...#............#.†....# *#.....#
...#............#......#,#.......
...#............#......# ...#.#..
...#............#)...).# ..##.##.
...#............#......#.....> .
...#.......... #.....@#...##,
...###'#'##'#####......'....#,* ,


You could see Nikola.

Vanquished Creatures
  Xtahua (Vaults:2)
  Rupert (D:14)
  Asterion (Vaults:2)
  11 nagarajas
  A revenant (Vaults:3)
  The ghost of Waecyras the Bringer of Law, an adept KoGl of Zin (D:15)
  A deep elf sorcerer (Vaults:2)
  An orc warlord (Orc:2)
  4 vault wardens (Vaults:1)
  2 very ugly things
  6 ironheart preservers
  An entropy weaver (Vaults:3)
  A vampire knight (D:14)
  2 deep elf demonologists (Vaults:2)
  A deep elf annihilator (Vaults:2)
  An eidolon (Vaults:3)
  10 yaktaur captains
  4 fire dragons
  16 naga warriors
  A great orb of eyes (Vaults:2)
  An ice dragon (Lair:6)
  Fannar (Lair:2)
  A rakshasa (Vaults:3)
  25 hydras
  2 shambling mangroves (Swamp:4)
  3 vault guards (Vaults:1)
  2 ghost crabs (Swamp:4)
  7 anacondas
  12 centaur warriors
  31 two-headed ogres
  2 death knights
  7 alligators
  A queen ant (Lair:5)
  10 ogre magi
  3 orc high priests
  2 deep troll earth magi (Vaults:3)
  A vampire mage (Vaults:3)
  7 shock serpents
  2 fire crabs (shapeshifter)
  A hell knight (D:14)
  6 death yaks (Lair:6)
  5 deep elf knights
  Sonja (Lair:2)
  16 naga sharpshooters
  Nergalle (Lair:2)
  A storm dragon zombie (Vaults:1)
  A shadow wraith (Vaults:1)
  2 fire crabs (Swamp:4)
  2 salamander mystics
  3 unseen horrors
  A death drake (shapeshifter) (D:15)
  2 deep trolls (Vaults:3)
  7 naga ritualists
  4 wizards
  2 spriggan druids (Swamp:2)
  A glowing orange brain (Vaults:2)
  6 skeletal warriors (Vaults:1)
  5 swamp dragons
  2 flayed ghosts
  6 deep elf archers
  6 ironbrand convokers
  2 lindwurms (Lair:6)
  A necromancer (Vaults:1)
  An obsidian statue (Vaults:2)
  6 harpies
  10 orc knights
  39 ugly things
  8 deep elf magi
  10 mana vipers
  6 wolf spiders
  A faun (shapeshifter) (Vaults:1)
  3 orc sorcerers (Orc:2)
  5 cyclopes
  2 salamanders (shapeshifter)
  A manticore (shapeshifter) (Vaults:2)
  6 salamanders
  37 black mambas
  A frost giant skeleton (Vaults:1)
  3 elephants (Lair:6)
  5 guardian serpents
  4 vault sentinels
  25 spiny frogs
  26 naga magi
  A spiny frog (shapeshifter) (Vaults:2)
  5 torpor snails (Lair:6)
  5 rime drakes (Lair:6)
  29 yaktaurs
  2 freezing wraiths
  3 gargoyles
  9 komodo dragons
  A kobold demonologist (D:14)
  An efreet (D:14)
  A yaktaur skeleton (Vaults:1)
  A komodo dragon (shapeshifter) (D:15)
  A jumping spider (shapeshifter) (Vaults:2)
  15 tyrant leeches
  2 queen bees (shapeshifter) (Vaults:3)
  7 trolls
  14 hornets
  9 polar bears (Lair:6)
  12 bog bodies
  14 blink frogs
  12 hippogriffs
  31 slime creatures
  A hippogriff (shapeshifter) (Vaults:2)
  A meliai zombie (D:15)
  2 redbacks
  A vampire (D:13)
  5 basilisks
  A shadow (Swamp:3)
  2 dancing weapons
  A spriggan (shapeshifter) (Vaults:2)
  8 spriggans
  37 yaks
  5 steam dragons
  Grum (Lair:1)
  5 wyverns
  3 wraiths
  A yaktaur simulacrum (Vaults:3)
  5 hungry ghosts
  A human (D:10)
  33 vampire mosquitoes
  6 wargs
  44 nagas
  10 swamp worms
  5 insubstantial wisps (Swamp:2)
  An acid dragon (D:14)
  14 soldier ants
  17 hell hounds (Lair:6)
  11 swamp drakes
  14 water moccasins
  6 porcupines
  47 orc warriors
  2 eyes of draining
  4 sky beasts
  An eye of draining (shapeshifter) (Vaults:3)
  A phantom (D:14)
  13 black bears
  4 ice beasts
  2 boggarts (Vaults:2)
  37 ogres
  A human skeleton (Vaults:1)
  A tengu (shapeshifter) (D:15)
  8 crocodiles
  26 wolves
  19 centaurs
  7 big kobolds
  Blork the orc (D:4)
  11 bullfrogs
  A wyvern zombie (D:7)
  A water moccasin zombie (D:10)
  A wyvern skeleton (D:13)
  5 scorpions
  A water moccasin skeleton (D:11)
  10 killer bees
  12 wights
  5 howler monkeys
  A bullfrog zombie (D:10)
  2 electric eels (Lair:3)
  2 crimson imps
  5 centaur zombies
  4 hounds
  18 orc priests
  4 centaur skeletons
  6 jellies
  26 orc wizards
  2 bullfrog skeletons
  2 iguanas (D:4)
  22 worker ants
  A hound skeleton (D:10)
  A worker ant zombie (D:6)
  22 adders
  4 gnolls (D:6)
  9 river rats
  A shadow imp (D:12)
  An ooze (Sewer)
  An adder skeleton (D:6)
  An adder zombie (D:5)
  7 worms
  A dart slug (D:1)
  3 leopard geckos
  111 orcs
  7 bats
  9 giant cockroaches
  5 hobgoblins
  4 jackals (D:3)
  34 kobolds
  2 quokkas
  4 ball pythons
  4 frilled lizards
  8 goblins
  A leopard gecko skeleton (D:4)
  A leopard gecko zombie (D:3)
  A quokka skeleton (D:5)
  23 rats
  2 plants (Lair:6)
1469 creatures vanquished.

Vanquished Creatures (collateral kills)
  Frances (Swamp:1)
  Donald (Orc:2)
  2 hydras (Swamp:4)
  A naga warrior (Snake:2)
  A spriggan druid (Swamp:4)
  A naga mage (Snake:4)
  A hornet (Swamp:4)
  A centaur simulacrum (D:14)
  A spriggan (Swamp:4)
  3 vampire mosquitoes (Swamp:4)
  3 nagas (Snake:4)
  2 orc warriors (Orc:2)
  An ice beast (D:9)
  4 wights
  4 orcs
27 creatures vanquished.

Vanquished Creatures (others)
  A two-headed ogre (Vaults:2)
  A naga sharpshooter (Snake:4)
  2 swamp dragons (Swamp:4)
  A lindwurm (Swamp:4)
  An ugly thing (Vaults:3)
  A cyclops (Vaults:1)
  20 dancing weapons
  A yaktaur (Vaults:2)
  A steam dragon (Swamp:4)
  A vampire mosquito (Swamp:4)
  6 swamp drakes (Swamp:4)
  An orc warrior (Vaults:1)
  A centaur (D:14)
  An ogre (Vaults:2)
  2 orc wizards
  13 fungi
  52 plants
106 creatures vanquished.

Grand Total: 1602 creatures vanquished

Notes
Turn   | Place    | Note
-------+----------+-------------------------------------------
     0 | D:1      | FessEmpty the Spriggan Enchanter began the quest for the
                  | Orb.
     0 | D:1      | Reached XP level 1. HP: 9/9 MP: 5/5
   457 | D:1      | Reached XP level 2. HP: 13/13 MP: 5/7
   990 | D:2      | Learned a level 2 spell: Ensorcelled Hibernation
  1025 | D:2      | Reached XP level 3. HP: 16/16 MP: 5/9
  1607 | D:2      | Reached skill level 1 in Ice Magic
  1607 | D:2      | Reached XP level 4. HP: 21/21 MP: 3/11
  1908 | D:3      | Reached skill level 5 in Hexes
  2131 | D:3      | Noticed Robin
  2536 | D:3      | Noticed Grinder
  2541 | D:3      | Paralysed by Grinder for 6 turns
  2705 | D:4      | Reached skill level 5 in Spellcasting
  2705 | D:4      | Reached XP level 5. HP: 24/24 MP: 11/13
  2861 | D:4      | Noticed Blork the orc
  2879 | D:4      | Killed Blork the orc
  2879 | D:4      | Reached XP level 6. HP: 5/28 MP: 3/16
  3276 | D:4      | Reached skill level 1 in Throwing
  3394 | D:4      | Found a glowing drain.
  3406 | Sewer    | Entered a sewer
  3689 | Sewer    | Reached XP level 7. HP: 32/32 MP: 8/18
  4908 | D:5      | Entered Level 5 of the Dungeon
  4926 | D:5      | Learned a level 3 spell: Tukima's Dance
  4930 | D:5      | Learned a level 3 spell: Confuse
  4934 | D:5      | Learned a level 3 spell: Dazzling Spray
  4955 | D:5      | Found Ethretoo's General Store.
  5034 | D:5      | Noticed Menkaure
  5049 | D:5      | Gained mutation: Potions are less effective at restoring
                  | your health. [potion of mutation]
  5049 | D:5      | Gained mutation: Your body sometimes deteriorates upon
                  | taking damage. [potion of mutation]
  5049 | D:5      | Gained mutation: You are weak. (Str -2) [potion of
                  | mutation]
  5049 | D:5      | Gained mutation: You have sharp fingernails. [potion of
                  | mutation]
  5197 | D:5      | Found a bloodstained altar of Trog.
  5241 | D:5      | Found Pammez's Armour Shop.
  5336 | D:6      | Reached skill level 1 in Fighting
  5424 | D:6      | Learned a level 2 spell: Blink
  5503 | D:6      | Found Beariuf's Antique Armour Emporium.
  5511 | D:6      | Bought a glowing robe for 136 gold pieces
  5708 | D:6      | Lost mutation: Your body sometimes deteriorates upon taking
                  | damage. [potion of mutation]
  5708 | D:6      | Lost mutation: Potions are less effective at restoring your
                  | health. [potion of mutation]
  5708 | D:6      | Lost mutation: You are weak. (Str -2) [potion of mutation]
  5708 | D:6      | Lost mutation: You have sharp fingernails. [potion of
                  | mutation]
  5708 | D:6      | Gained mutation: Your magical capacity is low. (-10% MP)
                  | [potion of mutation]
  5708 | D:6      | Gained mutation: Your system is resistant to poisons.
                  | (rPois) [potion of mutation]
  5708 | D:6      | Gained mutation: You are robust. (+10% HP) [potion of
                  | mutation]
  5708 | D:6      | Gained mutation: You can translocate small distances at
                  | will. [potion of mutation]
  5945 | D:6      | Found a staircase to the Ecumenical Temple.
  5971 | D:6      | Reached skill level 1 in Translocations
  5992 | Temple   | Entered the Ecumenical Temple
  6174 | Temple   | Became a worshipper of Ashenzari the Shackled
  6295 | D:6      | Reached XP level 8. HP: 42/42 MP: 2/19
  7496 | D:7      | Reached skill level 5 in Stealth
  7733 | D:7      | Noticed a hippogriff
  7759 | D:7      | Killed a hippogriff
  8327 | D:8      | Reached skill level 5 in Dodging
  8327 | D:8      | Reached XP level 9. HP: 48/49 MP: 16/20
  8444 | D:8      | Reached * piety under Ashenzari
  8557 | D:8      | Reached skill level 5 in Fighting
  8634 | D:8      | Reached skill level 5 in Short Blades
  9526 | D:5      | Bought a +0 buckler for 63 gold pieces
  9551 | D:5      | Found Bejec's Gadget Shoppe.
  9916 | D:8      | Reached XP level 10. HP: 58/58 MP: 15/21
 10126 | D:8      | Reached skill level 1 in Shields
 10162 | D:8      | Found Ijill's General Store.
 10526 | D:9      | Noticed a two-headed ogre
 10553 | D:9      | Killed a two-headed ogre
 10836 | D:9      | Found a glowing golden altar of the Shining One.
 10927 | D:9      | Found a shimmering blue altar of Sif Muna.
 10937 | D:9      | Found a hide-covered altar of Uskayaw.
 10938 | D:9      | Found a hazy altar of Hepliaklqana.
 10939 | D:9      | Found a basalt altar of Yredelemnul.
 10939 | D:9      | Found an iron altar of Okawaru.
 10939 | D:9      | Found a snail-covered altar of Cheibriados.
 10939 | D:9      | Found a white marble altar of Elyvilon.
 10939 | D:9      | Found a stormy altar of Qazlal.
 10940 | D:9      | Found a glowing silver altar of Zin.
 10948 | D:9      | Found an opulent altar of Gozag.
 11014 | D:10     | Entered Level 10 of the Dungeon
 11021 | D:9      | Reached skill level 10 in Stealth
 11066 | D:10     | Found Suosmuyd's Weapon Boutique.
 11125 | D:10     | Found a staircase to the Lair.
 11126 | D:10     | Noticed an elephant
 11576 | D:10     | Found Dohu's Magic Scroll Shoppe.
 11583 | D:10     | Noticed a deep elf mage
 11629 | D:10     | Found Pecresut's Antique Armour Shop.
 11668 | D:10     | Found a staircase to the Orcish Mines.
 11755 | D:10     | Found a roughly hewn altar of Beogh.
 11888 | D:10     | Reached ** piety under Ashenzari
 11953 | D:10     | Found Ceucedy's Armour Boutique.
 11999 | D:10     | Killed a deep elf mage
 11999 | D:10     | Reached XP level 11. HP: 63/63 MP: 16/22
 12089 | D:10     | Found Kial's Armour Shoppe.
 13947 | D:11     | Noticed a purple ugly thing
 13958 | D:11     | Killed a purple ugly thing
 14041 | D:12     | Noticed a two-headed ogre
 14062 | D:12     | Killed a two-headed ogre
 14062 | D:12     | Reached skill level 5 in Shields
 14109 | D:12     | Reached *** piety under Ashenzari
 14258 | D:12     | Noticed a centaur warrior
 14279 | D:12     | Killed a centaur warrior
 14673 | D:12     | Reached skill level 10 in Short Blades
 14915 | D:12     | Reached XP level 12. HP: 69/69 MP: 23/23
 15084 | D:12     | Reached skill level 1 in Evocations
 15882 | D:13     | Noticed a centaur warrior
 15892 | D:13     | Killed a centaur warrior
 15892 | D:13     | Reached skill level 5 in Evocations
 16123 | D:13     | Noticed a centaur warrior
 16129 | D:13     | Killed a centaur warrior
 16562 | D:13     | Noticed a centaur warrior
 16566 | D:13     | Killed a centaur warrior
 16602 | D:13     | Reached **** piety under Ashenzari
 16659 | D:13     | Identified a scroll of acquirement
 16817 | D:14     | Noticed an eight-headed hydra
 16824 | D:14     | Killed an eight-headed hydra
 16824 | D:14     | Reached skill level 15 in Stealth
 17059 | D:14     | Found a shadowy altar of Dithmenos.
 17122 | D:14     | Noticed a two-headed ogre
 17129 | D:14     | Noticed a centaur warrior
 17819 | Lair:1   | Entered Level 1 of the Lair of Beasts
 17915 | Lair:1   | Reached XP level 13. HP: 51/74 MP: 22/24
 18047 | Lair:1   | Noticed Grum
 18101 | Lair:1   | Killed Grum
 18980 | Lair:2   | Noticed Fannar
 19086 | Lair:2   | Reached ***** piety under Ashenzari
 19125 | Lair:2   | Noticed Sonja
 19177 | Lair:2   | Reached skill level 10 in Dodging
 19915 | Lair:2   | Noticed Nergalle
 19918 | Lair:2   | Killed Sonja
 19930 | Lair:2   | Killed Nergalle
 20521 | Lair:3   | Found a staircase to the Snake Pit.
 20676 | Lair:3   | Found a staircase to the Swamp.
 22062 | Lair:5   | Reached ****** piety under Ashenzari
 22359 | Lair:5   | Noticed an entropy weaver
 22368 | Lair:5   | Noticed an entropy weaver
 22397 | Lair:4   | Reached XP level 14. HP: 71/82 MP: 20/24
 22912 | Lair:6   | Entered Level 6 of the Lair of Beasts
 23553 | Lair:6   | Got the cursed robe of the Meadowlark {rPois}
 25166 | Lair:6   | Found a runed translucent door.
 26195 | D:10     | Bought a scroll of acquirement for 728 gold pieces
 26292 | D:10     | Bought a glowing scarf for 272 gold pieces
 26306 | D:10     | Identified the cursed +1 robe of the Meadowlark {rPois}
                  | (You found it on level 6 of the Lair of Beasts)
 26387 | Lair:2   | Killed Fannar
 26488 | Swamp:1  | Entered Level 1 of the Swamp
 26502 | Swamp:1  | Reached XP level 15. HP: 59/86 MP: 25/25
 27521 | Swamp:1  | Noticed Frances
 27654 | Swamp:1  | Killed Frances
 28257 | Swamp:2  | Learned a level 1 spell: Confusing Touch
 28494 | Swamp:2  | Found a transporter.
 28499 | Swamp:2  | Identified the ring of Ixkimoiq {*Tele +Inv rC+++ MR-
                  | Slay-4}
 28616 | Swamp:2  | Found a transporter.
 28755 | Swamp:2  | Identified an amulet "Rerphuute" {Harm *Drain Str+3}
 29595 | Swamp:3  | Reached skill level 15 in Dodging
 29937 | Swamp:4  | Entered Level 4 of the Swamp
 31440 | Swamp:4  | Reached skill level 15 in Short Blades
 31440 | Swamp:4  | Reached XP level 16. HP: 92/92 MP: 26/26
 31450 | Swamp:4  | Learned a level 8 spell: Discord
 31469 | Swamp:4  | Learned a level 6 spell: Deflect Missiles
 31485 | Swamp:4  | Reached skill level 1 in Charms
 31555 | Swamp:4  | Reached skill level 1 in Air Magic
 32218 | Swamp:4  | Got a decaying rune of Zot
 32421 | Orc:1    | Entered Level 1 of the Orcish Mines
 33188 | Orc:2    | Entered Level 2 of the Orcish Mines
 33282 | Orc:2    | Found Obrif's General Store.
 33287 | Orc:2    | Noticed Donald
 33571 | Orc:2    | Found Akairphywn's Antique Armour Emporium.
 34204 | Orc:2    | Found a staircase to the Elven Halls.
 34231 | Orc:2    | Killed Donald
 34562 | Orc:2    | Found Itaonn's Jewellery Boutique.
 34781 | Orc:2    | Found Ogruisir's Antique Weapon Shop.
 34810 | Orc:2    | Reached skill level 5 in Charms
 35138 | Orc:2    | Bought a +5 amulet of reflection for 659 gold pieces
 35306 | D:5      | Bought a wand of acid (8) for 264 gold pieces
 35511 | Snake:1  | Entered Level 1 of the Snake Pit
 35526 | Snake:1  | Reached skill level 10 in Fighting
 36484 | Snake:1  | Found Hytan's Food Boutique.
 37905 | Snake:2  | Found Dauzauf's Food Emporium.
 38744 | Snake:3  | Reached XP level 17. HP: 97/97 MP: 28/28
 38975 | Snake:3  | Reached skill level 10 in Spellcasting
 39471 | Snake:3  | Reached skill level 10 in Hexes
 39471 | Snake:3  | Reached XP level 18. HP: 102/102 MP: 30/30
 40082 | Snake:4  | Entered Level 4 of the Snake Pit
 42072 | Snake:4  | Got a serpentine rune of Zot
 43932 | D:14     | Reached XP level 19. HP: 88/107 MP: 32/33
 44205 | D:14     | Found a gate to the Vaults.
 44388 | D:14     | Noticed Rupert
 44446 | D:14     | Killed Rupert
 44808 | D:14     | Learned a level 1 spell: Apportation
 44815 | D:14     | Learned a level 6 spell: Invisibility
 44905 | D:15     | Entered Level 15 of the Dungeon
 45895 | D:15     | Found a runed translucent door.
 45899 | D:15     | Noticed Waecyras's ghost (adept KoGl)
 45911 | D:15     | Killed Waecyras's ghost
 46447 | D:15     | Found a staircase to the Depths.
 46573 | Vaults:1 | Entered Level 1 of the Vaults
 48204 | Vaults:1 | Reached skill level 15 in Spellcasting
 49182 | Vaults:1 | Reached XP level 20. HP: 111/111 MP: 32/36
 49601 | Vaults:2 | Identified the +2 shield "Vysch" {+Fly rC+ Dex+2}
 49601 | Vaults:2 | Noticed Asterion
 49602 | Vaults:2 | Noticed Xtahua
 49613 | Vaults:2 | Killed Asterion
 49615 | Vaults:2 | Killed Xtahua
 49766 | Vaults:2 | Found Umup's General Store.
 49882 | Vaults:2 | Found a shadowy altar of Dithmenos.
 51789 | Vaults:3 | Noticed Nikola
 52139 | Vaults:3 | Reached skill level 15 in Hexes
 53293 | Vaults:3 | Found a staircase to the Crypt.
 53907 | Vaults:3 | Killed from afar by Nikola

Levels and vault maps discovered:
D:1:      psy_arrival_spokes, layout_basic
D:2:      layout_loops_cross
D:3:      layout_loops_ring, item_on_display_b, uniq_robin, uniq_grinder
D:4:      layout_basic, gup_sewer_entry_bubbles, uniq_blork_the_orc
D:5:      layout_basic, lemuel_doored_altar, serial_shops,
          nicolae_shop_waterfront, shop, nicolae_shop_behind_doors,
          first_ration, kb_lookout_dungeons_type, minmay_misc_feat_columns,
          uniq_menkaure
D:6:      layout_layer_cave, minmay_temple_entry_sparse_star, serial_shops,
          shop, kennysheep_cross_bottleneck
D:7:      layout_basic
D:8:      layout_basic, serial_shops, shop
D:9:      layout_rooms, tso_altar, minitemple
D:10:     layout_irregular_city, david_lair_generic,
          minmay_orc_entry_temple_small, serial_shops,
          nicolae_shop_temple_entry_statues_fountains, shop, shop,
          kennysheep_mini_moat, shop, hangedman_stone_soup, amethyst_killhole,
          kennysheep_kite_vault
D:11:     layout_irregular_city
D:12:     layout_irregular_city
D:13:     layout_gridville
D:14:     layout_grid_maze, hangedman_vaults_entry_quadrant_bands,
          nicolae_dithmenos_through_a_glass_darkly,
          minmay_checkered_concentric_circles, uniq_rupert
D:15:     grunt_enter_depths_snipers, layout_stronghold,
          chequers_serial_rivers_room_a, ebering_ghost_reflecting_pool,
          minmay_shattered_shrine
Temple:   jpeg_temple_alley_garden
Lair:1:   layout_roguey, beast_lair_carwin_11, uniq_grum
Lair:2:   layout_gridlike, serial_bayou_shore_b, uniq_sonja, uniq_nergalle,
          uniq_fannar
Lair:3:   layout_regular_city, nicolae_swamp_entry_splash_gauntlet,
          minmay_snake_entry_guardpost_small, serial_bayou_crossing,
          infiniplex_staircase_pool_2, serial_bayou_shore_a
Lair:4:   layout_gridlike
Lair:5:   layout_regular_city, dpeg_slime_entry_corner, minmay_another_anthill
Lair:6:   hangedman_lair_caniforms_friends, layout_misc_corridors, wormcave,
          minmay_lair_drake_nest, lemuel_fruit_fields, grunt_megastairs_3
Swamp:1:  layout_falls_marsh, nicolae_swamp_trees_clearing, uniq_frances
Swamp:2:  gammafunk_its_a_trap, layout_falls_marsh, nicolae_swamp_triple_paths,
          swamp_pool3
Swamp:3:  layout_basic_swamp, evilmike_swamp_ruin_house_2
Swamp:4:  swamp_fiery, layout_basic_swamp
Snake:1:  layout_gridlike, serial_shops, shop, nicolae_snake_double_loop
Snake:2:  layout_cave_town, serial_shops, shop
Snake:3:  layout_cave_shapes
Snake:4:  snake_pit, layout_cave_town, grunt_megastairs_4
Orc:1:    layout_caves
Orc:2:    grunt_orc_gardens, layout_caves, grunt_orc_garden, grunt_orc_garden,
          grunt_orc_garden, grunt_orc_garden, uniq_donald
Vaults:1: nicolae_vaults_big_ls, hangedman_vaults_snaps, vaults_room_octagon,
          hangedman_vaults_river_flow, v_misc_26, nicolae_vaults_asterisk,
          vaults_mumra_hex, layout_vaults_omnigrid
Vaults:2: ontoclasm_vaults_bender, nicolae_vaults_little_squares_1,
          hangedman_vaults_pinch, nicolae_vaults_statue_guard, v_pattern_1,
          hangedman_vaults_slice, hangedman_vaults_trim, hangedman_vaults_nodes,
          ontoclasm_vaults_tryst, vaults_room_fancy_cross,
          hangedman_vaults_corner, hangedman_vaults_impose,
          ontoclasm_vaults_fault, layout_vaults_omnibox, serial_shops,
          nicolae_shop_waterfront, basic_altar, uniq_asterion, uniq_xtahua
Vaults:3: nicolae_vaults_inception_corners, vaults_room_door_hall,
          minmay_crypt_entry_simple_corners, grunt_vaults_hallway_long,
          nicolae_vaults_hallways_thing, vaults_room_corners,
          layout_vaults_chaotic_city, uniq_nikola

Skill      XL: |  1  2  3  4  5  6  7  8  9 10 11 12 13 14 15 16 17 18 19 20 |
---------------+-------------------------------------------------------------+-----
Spellcasting   | 3 4 5 6 7 8 9 10 13 15 16 | 16.3
Hexes          | 4 5 7 9 10 12 14 15 | 15.2
Ice Magic      | 1 0 |  0.0
Throwing       | 2 3 4 0 |  0.0
Fighting       | 2 4 6 7 9 10 | 10.0
Short Blades   | 2 4 5 7 10 11 12 14 15 16 17 18 | 18.6
Translocations | 1 2 |  2.0
Stealth        | 6 8 11 13 15 17 19 20 21 | 21.2
Dodging        | 5 7 8 11 13 15 16 17 18 19 21 | 21.0
Shields        | 3 5 7 |  7.2
Evocations     | 7 9 |  9.0
Charms         | 6 |  6.9
Air Magic      | 2 |  2.8

Action                   |  1- 3 |  4- 6 |  7- 9 | 10-12 | 13-15 | 16-18 | 19-21 || total
-------------------------+-------+-------+-------+-------+-------+-------+-------++-------
Melee: Dagger            |    80 |    84 |   276 |   633 |       |       |       ||  1073
       Rapier            |       |       |       |    49 |  1220 |  1265 |  1274 ||  3808
Throw: Dart              |       |    32 |    46 |   105 |   120 |    92 |     7 ||   402
 Cast: Corona            |    13 |     6 |    13 |     8 |       |       |       ||    40
       Ensorcelled Hiber |    19 |    48 |    68 |    66 |    13 |       |       ||   214
       Confuse           |       |       |    51 |   118 |   141 |    46 |    24 ||   380
       Tukima's Dance    |       |       |    18 |    18 |     1 |    14 |     5 ||    56
       Blink             |       |       |     1 |       |     2 |     2 |     3 ||     8
       Confusing Touch   |       |       |       |       |    11 |   154 |   123 ||   288
       Deflect Missiles  |       |       |       |       |       |     5 |     1 ||     6
       Invisibility      |       |       |       |       |       |       |     5 ||     5
       Discord           |       |       |       |       |       |       |     1 ||     1
Invok: Curse Item        |       |       |     2 |       |     4 |     1 |       ||     7
       Transfer Knowledg |       |       |       |       |       |     1 |     1 ||     2
       Scrying           |       |       |       |       |       |       |     1 ||     1
 Abil: Blink             |       |       |       |       |     1 |       |       ||     1
Evoke: Wand              |       |     7 |       |    17 |    38 |       |       ||    62
       Sack of spiders   |       |       |       |       |     5 |     2 |       ||     7
       Box of beasts     |       |       |       |       |     1 |       |       ||     1
  Use: Scroll            |       |     6 |     7 |    20 |    12 |     1 |     3 ||    49
       Potion            |       |       |     5 |     1 |     1 |     2 |     1 ||    10
 Stab: Sleeping          |    18 |    44 |    52 |    80 |    58 |    36 |    69 ||   357
       Distracted        |       |     1 |       |     5 |    13 |    10 |    15 ||    44
       Confused          |       |       |    24 |    65 |    75 |   164 |   126 ||   454
       Invisible         |       |       |       |       |       |       |    50 ||    50
  Eat: Ration            |       |       |     4 |     4 |     7 |     8 |     6 ||    29
Armor: Robe              |    15 |     4 |    19 |    41 |    67 |    27 |    34 ||   207
       Skin              |       |       |       |    37 |       |       |       ||    37
Dodge: Dodged            |    61 |    63 |   220 |   318 |   705 |   507 |   492 ||  2366
       Deflected         |       |       |       |       |       |    28 |    11 ||    39
Block: Buckler           |       |       |     5 |   171 |   403 |   564 |   656 ||  1799
       Reflection        |       |       |       |       |       |    78 |    39 ||   117
